 Dungeon Crawl Stone Soup version 0.31-a0-845-g9abc20d24f (webtiles) character file.

Game seed: 10088857513028221539

124652 Kurtz the Severer (level 16, -5/115 HPs)
             Began as an Octopode Fighter on Oct 1, 2023.
             Was a High Priest of Okawaru.
             Slain by a naga warrior
             ... wielding a +0 battleaxe
              (23 damage)
             ... on level 2 of the Snake Pit.
             The game lasted 00:38:56 (30095 turns).

Kurtz the Severer (Octopode Fighter)               Turns: 30095, Time: 00:38:56

Health: -5/115     AC: 13    Str: 16    XL:     16   Next: 93%
Magic:  12/19      EV: 24    Int: 13    God:    Okawaru [*****.]
Gold:   424        SH: 28    Dex: 17    Spells: 12/15 levels left

rFire   + . .        U - +0 broad axe (heavy)
rCold   + . .        o - +5 tower shield
rNeg    + + +        D - +0 mask of the Dragon {Will+ Slay+3 SInv}
rPois   +            d - amulet of faith
rElec   .            j - ring of resist corrosion
rCorr   +            l - +5 ring of evasion
SInv    +            e - ring of Keabbep {*Corrode rPois rN+++ AC+4 Int+3 Dex-2}
Will    ++...        x - ring of protection from fire
Stlth   +++++++      y - +4 ring of protection
HPRegen 0.39/turn    R - ring of poison resistance
MPRegen 0.16/turn    N - ring of protection from cold
                     f - +4 ring of slaying

%: corrode self (3%), faith
@: heroic, finesse-ful, on berserk cooldown, slowed, constricted, very slow
A: almost no armour, amphibious, 8 rings, camouflage 1, gelatinous body 1,
(nimble swimmer 1), tentacles, iridescent scales 2, noise suppression
a: Renounce Religion, Heroism, Finesse, Duel


You were on level 2 of the Snake Pit.
You worshipped Okawaru.
Okawaru was extremely pleased with you.
You visited 5 branches of the dungeon, and saw 25 of its levels.

You collected 2016 gold pieces.
You spent 1592 gold pieces at shops.

Inventory:

Hand Weapons
 a - the +3 hand axe "Yrhex" {spect, Fly rPois rF+}
   (You found it on level 9 of the Dungeon)

   rF+:       It protects you from fire.
   rPois:     It protects you from poison Fly: It grants you flight.
 O - a +0 morningstar
 U - a +0 heavy broad axe (weapon)
Missiles
 i - 44 poisoned darts
 A - 21 boomerangs
 Q - 3 throwing nets
 S - 4 curare-tipped darts
 T - 23 silver javelins (quivered)
Armour
 o - a +5 tower shield (worn)
 D - the +0 mask of the Dragon (worn) {Will+ Slay+3 SInv}
   (Okawaru gifted it to you on level 13 of the Dungeon)

   Slay+3:    It affects your accuracy & damage with ranged weapons and melee
   (+3).
   Will+:     It increases your willpower.
   SInv:      It lets you see invisible.
Jewellery
 c - an amulet of regeneration
 d - an amulet of faith (around mantle)
 e - the ring of Keabbep (on tentacle) {*Corrode rPois rN+++ AC+4 Int+3 Dex-2}
   (You acquired it on level 8 of the Dungeon)

   [ring of protection]

   AC+4:      It affects your AC (+4).
   Int+3:     It affects your intelligence (+3).
   Dex-2:     It affects your dexterity (-2).
   rPois:     It protects you from poison rN+++: It renders you almost immune to
   negative energy.
   *Corrode:  It may corrode you when you take damage.
 f - a +4 ring of slaying (on tentacle)
 j - a ring of resist corrosion (left tentacle)
 l - a +5 ring of evasion (right tentacle)
 q - a ring of see invisible
 x - a ring of protection from fire (on tentacle)
 y - a +4 ring of protection (on tentacle)
 N - a ring of protection from cold (on tentacle)
 R - a ring of poison resistance (on tentacle)
Wands
 v - a wand of roots (5)
 G - a wand of quicksilver (8)
 I - a wand of flame (23)
 K - a wand of polymorph (7)
Scrolls
 g - 2 scrolls of identify
 h - 3 scrolls of summoning
 k - a scroll of fear
 n - 8 scrolls of teleportation
 r - 2 scrolls of fog
 s - 2 scrolls of blinking
 F - 5 scrolls of poison {unknown}
 J - a scroll of revelation {unknown}
 L - 2 scrolls of silence {unknown}
 V - 4 scrolls of amnesia {unknown}
Potions
 b - a potion of resistance
 m - 6 potions of curing
 p - 5 potions of magic
 t - 3 potions of heal wounds
 u - a potion of brilliance
 z - a potion of might
 C - a potion of cancellation
 E - 2 potions of mutation
 H - 4 potions of enlightenment
 M - 4 potions of lignification
 P - 3 potions of haste


   Skills:
 * Level 12.3(17.3) Fighting
 - Level 18.0(23.0) Axes
 - Level 3.1(8.1) Throwing
 * Level 10.5(15.5) Dodging
 - Level 8.6(13.6) Stealth
 * Level 17.3(22.3) Shields
 * Level 4.2 Invocations


You had 12 spell levels left.
You knew the following spells:

 Your Spells              Type           Power      Damage    Failure   Level
a - Ozocubu's Armour      Ice            0%         N/A       83%         3

Your spell library contained the following spells:

 Spells                   Type           Power      Damage    Failure   Level
 Slow                     Hex            0%         N/A       45%         1
 Confusing Touch          Hex            0%         N/A       83%         3
 Inner Flame              Hex/Fire       0%         N/A       83%         3
 Sigil of Binding         Hex            0%         N/A       83%         3
 Vampiric Draining        Necr           0%         2d6       83%         3
 Volatile Blastmotes      Fire/Tloc      0%         2d10      83%         3
 Dimensional Bullseye     Hex/Tloc       0%         N/A       99%         4
 Flame Wave               Conj/Fire      0%         2d4       99%         4
 Fulminant Prism          Conj/Hex       0%         3d5       99%         4
 Iskenderun's Mystic Bla  Conj/Tloc      0%         2d3       99%         4
 Leda's Liquefaction      Hex/Erth       0%         N/A       99%         4
 Manifold Assault         Tloc           0%         N/A       99%         4
 Passage of Golubria      Tloc           0%         N/A       99%         4
 Sticky Flame             Conj/Fire      0%         2d3       99%         4
 Vhi's Electric Charge    Tloc/Air       0%         N/A       99%         4
 Arcjolt                  Conj/Air       0%         1d10      100%        5
 Metabolic Englaciation   Hex/Ice        0%         N/A       100%        5
 Yara's Violent Unravell  Hex/Tmut       0%         3d3       100%        5
 Dispersal                Tloc           0%         N/A       100%        6
 Plasma Beam              Fire/Air       0%         2x1d10    100%        6
 Disjunction              Tloc           0%         N/A       100%        8
 Call Canine Familiar     Summ           Unusable   N/A       N/A         3
 Tukima's Dance           Hex            Unusable   N/A       N/A         3
 Simulacrum               Ice/Necr       Unusable   N/A       N/A         6

Dungeon Overview and Level Annotations

Branches:
Dungeon (15/15)            Temple (1/1) D:6            Lair (5/5) D:8
 Shoals (0/4) Lair:2        Snake (2/4) Lair:2        Slime (0/5) Lair:4
    Orc (2/2) D:9             Elf (0/3) Orc:2        Vaults (0/5) D:14
 Depths (0/4) D:15

Altars:
Ashenzari
Cheibriados
Dithmenos
Elyvilon
Fedhas
Gozag
Hepliaklqana
Kikubaaqudgha
Makhleb
Nemelex Xobeh
Okawaru
Qazlal
Ru
Sif Muna
Trog
Uskayaw
Vehumet
Wu Jian
Xom
Yredelemnul
Zin
The Shining One
Jiyva

Shops:
D:1 =   D:4 !   D:6 :   D:9 *   D:13 *   D:15 *   Orc:2 ([[!

Portals:
Trove: D:12 (give 15 scrolls of teleportation)

Annotations:
Lair:1 2 transporters, Oraob's ghost, novice FeSh
Lair:2 exclusion: 2 hydras
Lair:3 1 runed translucent door, exclusions: hydra and 1 more exclusion, Dinouf's ghost, adept DsFE
Snake:1 2 transporters, exclusion: downstairs, tinfoiltophat's ghost, journeyman DjFE


Innate Abilities, Weirdness & Mutations

You cannot wear most types of armour.
You are amphibious.
You can wear up to eight rings at the same time.
Your skin changes colour to match your surroundings (Stealth+).
Your rubbery body absorbs attacks. (AC +1, EV +1)
((You are camouflaged when in or above water. (Stealth+)))
You have tentacles for arms and can constrict up to eight enemies at once.
You are mostly covered in iridescent scales. (AC +4)
You passively dampen the noise of your surroundings.


Message History

You are no longer berserk.
You are exhausted.
You feel yourself slow down. The naga warrior spits poison at you.
The splash of poison hits you but does no damage.
You resist. The naga warrior constricts you.
You slice the naga warrior!! You squeeze the naga warrior.
The naga warrior is severely wounded.
The naga warrior closely misses you. The naga warrior constricts you.
* * * LOW HITPOINT WARNING * * *
You block the naga warrior's attack. The naga warrior constricts you.
* * * LOW HITPOINT WARNING * * *
You slash the naga warrior! You squeeze the naga warrior.
The naga warrior is almost dead.
You completely miss the naga.
You feel like a meek peon again. You block the naga's attack.
The naga warrior spits poison at you.
The splash of poison hits you but does no damage.
You resist. The naga warrior constricts you.
* * * LOW HITPOINT WARNING * * *
The naga hits you with a +0 short sword!!
* * * LOW HITPOINT WARNING * * *
Unknown command.
You feel much better.
You are no longer corroded.
You block the naga warrior's attack. The naga warrior constricts you.
You block the naga's attack. You block the naga warrior's attack.
The naga warrior constricts you.
You gain the combat prowess of a mighty hero.
You block the naga's attack. You block the naga warrior's attack.
The naga warrior constricts you.
* * * LOW HITPOINT WARNING * * *
The naga barely misses you.
You can now deal lightning-fast blows.
You block the naga warrior's attack. The naga warrior constricts you.
The naga hits you with a +0 short sword!
* * * LOW HITPOINT WARNING * * *
The naga warrior hits you with a +0 battleaxe!!
You die...

~ ≈~ ### ~≈~ ####.. ~≈~~
####..... .~~~~
.........#########.[.~~≈
......##......).@N...$.#
......###.#######N.###.#
..........## .##
...........# .#
...........# .#
....#......## ##
...............
......#....####
..........##


You could see a naga warrior and a naga (strong).

Vanquished Creatures
  Snorg (D:10)
  Josephine (D:14)
  A yaktaur captain (D:14)
  Harold (D:11)
  Erolcha (Orc:2)
  5 hydras
  2 catoblepae
  7 centaur warriors
  4 boulder beetles
  4 ogre magi (Orc:2)
  3 anacondas
  20 two-headed ogres
  3 naga warriors
  6 naga sharpshooters
  A shock serpent (Snake:1)
  Sonja (D:13)
  A skyshark (Lair:3)
  4 salamander mystics
  3 sea snakes (Snake:2)
  3 goliath frogs (Lair:5)
  A naga ritualist (Snake:1)
  A necromancer (D:15)
  28 ugly things
  A wizard (D:15)
  A deep elf zephyrmancer (D:15)
  3 mana vipers (Snake:1)
  2 manticores
  14 salamanders
  4 cyclopes
  2 orc sorcerers
  Joseph (D:9)
  A centaur zombie (D:15)
  4 elephants (Lair:5)
  A guardian serpent (Snake:2)
  A torpor snail (Lair:5)
  15 black mambas
  27 cane toads
  7 naga magi
  4 gargoyles (D:11)
  A centaur skeleton (D:15)
  3 rime drakes
  2 yaktaurs (D:14)
  A freezing wraith (D:14)
  10 komodo dragons
  7 trolls
  Prince Ribbit (D:5)
  2 polar bears
  2 tyrant leeches (Lair:5)
  39 blink frogs
  Grinder (D:3)
  7 dream sheep (Lair:5)
  A centaur simulacrum (D:15)
  A snapping turtle (Lair:2)
  18 slime creatures
  8 spriggans (D:11)
  A shadow (D:11)
  28 yaks
  6 wraiths
  8 basilisks
  A fire bat (Lair:2)
  5 steam dragons
  21 vampire mosquitoes
  Menkaure (D:4)
  A warg (Orc:2)
  20 nagas
  12 water moccasins
  A swamp drake (D:12)
  7 orc warriors
  2 ice beasts
  3 black bears
  10 centaurs
  13 wolves
  29 ogres
  2 phantoms
  3 kobold brigands
  A gnoll sergeant (D:8)
  2 scorpions (D:5)
  25 bullfrogs
  4 wights (D:6)
  A vampire bat (Lair:5)
  A howler monkey (D:11)
  4 gnoll boudas
  11 orc priests
  6 hounds
  A jelly (D:5)
  3 iguanas
  2 sleepcaps (D:6)
  Natasha (thrice) (D:4)
  16 orc wizards
  14 hell rats
  3 adders
  24 gnolls
  3 white imps
  2 ufetubi
  A worm (D:5)
  6 dart slugs
  51 orcs
  8 bats
  6 endoplasms
  4 giant cockroaches
  6 goblins
  2 hobgoblins
  4 jackals (D:4)
  15 kobolds
  3 quokkas
  6 ball pythons
  2 frilled lizards
  4 rats
712 creatures vanquished.

Vanquished Creatures (others)
  A human (D:5)
  A centaur (D:7)
2 creatures vanquished.

Grand Total: 714 creatures vanquished

Notes
Turn   | Place    | Note
-------+----------+-------------------------------------------
     0 | D:1      | Kurtz the Octopode Fighter began the quest for the Orb.
     0 | D:1      | Reached XP level 1. HP: 16/16 MP: 1/1
   121 | D:1      | Reached XP level 2. HP: 21/21 MP: 2/2
   170 | D:1      | Found Wuupocej's Jewellery Boutique.
   238 | D:1      | Reached skill level 3 in Axes
   773 | D:2      | Reached XP level 3. HP: 17/26 MP: 3/3
  1656 | D:3      | Reached skill level 4 in Axes
  1733 | D:3      | Found a white marble altar of Elyvilon.
  1924 | D:3      | Reached XP level 4. HP: 31/31 MP: 4/4
  2001 | D:3      | Noticed Grinder
  2010 | D:3      | Killed Grinder
  2011 | D:3      | Reached skill level 6 in Axes
  2011 | D:3      | Reached XP level 5. HP: 19/36 MP: 5/5
  2011 | D:3      | Reached XP level 6. HP: 23/42 MP: 6/6
  2764 | D:4      | Noticed Natasha
  2775 | D:4      | Noticed Menkaure
  2779 | D:4      | Noticed a black bear
  2781 | D:4      | Killed Natasha
  2938 | D:4      | Gained mutation: You are partially covered in iridescent
                  | scales. (AC +2) [potion of mutation]
  2938 | D:4      | Gained mutation: You passively dampen the noise of your
                  | surroundings. [potion of mutation]
  2938 | D:4      | Gained mutation: You are mostly covered in iridescent
                  | scales. (AC +4) [potion of mutation]
  2945 | D:4      | Killed Menkaure
  2946 | D:4      | Reached skill level 7 in Axes
  2946 | D:4      | Reached XP level 7. HP: 6/46 MP: 7/7
  3136 | D:4      | Noticed Natasha
  3143 | D:4      | Killed Natasha
  3189 | D:4      | Found a stormy altar of Qazlal.
  3280 | D:4      | Reached skill level 8 in Axes
  3290 | D:4      | Noticed Natasha
  3292 | D:4      | Found Jaidoq's Distillery.
  3296 | D:4      | Killed Natasha
  3455 | D:5      | Entered Level 5 of the Dungeon
  3464 | D:5      | Noticed Prince Ribbit
  3476 | D:5      | Killed Prince Ribbit
  3477 | D:5      | Reached XP level 8. HP: 12/52 MP: 8/8
  4077 | D:5      | Reached skill level 9 in Axes
  4250 | D:5      | Found a blossoming altar of Fedhas.
  4250 | D:5      | Found an ornate altar of the Wu Jian Council.
  4536 | D:5      | Reached skill level 5 in Shields
  4627 | D:5      | Found an ancient bone altar of Kikubaaqudgha.
  4775 | D:6      | Reached skill level 10 in Axes
  4902 | D:6      | Found a staircase to the Ecumenical Temple.
  4911 | Temple   | Entered the Ecumenical Temple
  4967 | Temple   | Became a worshipper of Warmaster Okawaru
  5015 | D:6      | Reached XP level 9. HP: 49/56 MP: 9/9
  5072 | D:6      | Found Meataph's Vocational Training.
  5390 | D:6      | Found an opulent altar of Gozag.
  5406 | D:6      | Reached skill level 1 in Invocations
  6886 | D:8      | Reached * piety under Okawaru
  7003 | D:8      | Found a staircase to the Lair.
  7019 | D:8      | Found a glowing silver altar of Zin.
  7019 | D:8      | Found a burning altar of Makhleb.
  7020 | D:8      | Noticed an Executioner
  7020 | D:8      | Noticed an angel
  7332 | D:8      | Identified a scroll of acquirement
  7333 | D:8      | Acquired the ring of Keabbep {*Corrode rPois rN+++ AC+4
                  | Int+3 Dex-2}
  7354 | D:8      | Reached skill level 5 in Dodging
  7564 | D:9      | Found Ove Xopp's Mayhem Merchandise.
  7568 | D:9      | Found a staircase to the Orcish Mines.
  7572 | D:9      | Bought a +0 broad axe for 56 gold pieces
  7635 | D:9      | Reached skill level 11 in Axes
  7661 | D:9      | Noticed a komodo dragon
  7679 | D:9      | Killed a komodo dragon
  7680 | D:9      | Reached XP level 10. HP: 63/65 MP: 9/11
  7795 | D:9      | Identified the +3 hand axe "Yrhex" {spect, Fly rPois rF+}
  8018 | D:9      | Noticed Joseph
  8136 | D:9      | Reached ** piety under Okawaru
  8137 | D:9      | Reached skill level 12 in Axes
  8839 | D:10     | Entered Level 10 of the Dungeon
  9094 | D:1      | Bought an amulet of faith for 400 gold pieces
  9800 | D:7      | Reached skill level 13 in Axes
 10160 | D:10     | Reached *** piety under Okawaru
 10282 | D:10     | Noticed Snorg
 10323 | D:10     | Reached skill level 14 in Axes
 10323 | D:10     | Killed Snorg
 10324 | D:10     | Reached XP level 11. HP: 27/70 MP: 12/12
 10328 | D:10     | Reached **** piety under Okawaru
 10777 | D:11     | Reached skill level 15 in Axes
 10898 | D:11     | Noticed a boulder beetle
 10930 | D:11     | Killed a boulder beetle
 11070 | D:11     | Noticed a boulder beetle
 11091 | D:11     | Killed a boulder beetle
 11091 | D:11     | Reached ***** piety under Okawaru
 11773 | D:11     | Reached skill level 16 in Axes
 11823 | D:11     | Noticed a brown ugly thing
 11832 | D:11     | Received a gift from Okawaru
 11851 | D:11     | Killed a brown ugly thing
 12169 | D:11     | Noticed a two-headed ogre
 12188 | D:11     | Killed a two-headed ogre
 12189 | D:11     | Reached XP level 12. HP: 64/76 MP: 13/13
 12364 | D:11     | Reached skill level 17 in Axes
 12499 | D:11     | Received a gift from Okawaru
 12975 | Lair:1   | Entered Level 1 of the Lair of Beasts
 12995 | D:8      | Reached skill level 5 in Fighting
 13260 | Lair:1   | Found a transporter.
 13268 | Lair:1   | Noticed Oraob's ghost (novice FeSh)
 13270 | Lair:1   | Found a transporter.
 13315 | Lair:1   | Received a gift from Okawaru
 14123 | Lair:1   | Received a gift from Okawaru
 14628 | Lair:2   | Found a staircase to the Snake Pit.
 15090 | Lair:2   | Reached XP level 13. HP: 69/86 MP: 14/14
 15252 | Lair:2   | You fall into a shaft and drop 1 floor!
 15387 | Lair:2   | Received a gift from Okawaru
 15510 | Lair:2   | Reached skill level 10 in Shields
 15601 | Lair:2   | Found a staircase to the Shoals.
 16995 | Lair:3   | Found a runed translucent door.
 16997 | Lair:3   | Noticed Dinouf's ghost (adept DsFE)
 17728 | Lair:4   | Found a viscous altar of Jiyva.
 17990 | D:11     | Noticed Harold
 17999 | D:11     | Killed Harold
 18149 | D:11     | Learned a level 3 spell: Ozocubu's Armour
 18401 | D:12     | Received a gift from Okawaru
 18513 | D:12     | Found a portal to a secret trove of treasure.
 20003 | D:13     | Reached skill level 18 in Axes
 20024 | D:13     | Reached skill level 1 in Stealth
 20206 | D:13     | Noticed Sonja
 20209 | D:13     | Killed Sonja
 20285 | D:13     | Reached ****** piety under Okawaru
 20285 | D:13     | Received a gift from Okawaru
 20319 | D:13     | Acquired a +0 heavy broad axe
 20319 | D:13     | Received a gift from Okawaru
 20324 | D:13     | Acquired the +0 mask of the Dragon {Will+ Slay+3 SInv}
 20324 | D:13     | Received a gift from Okawaru
 20324 | D:13     | Found the +0 mask of the Dragon {Will+ Slay+3 SInv}
 20362 | D:12     | Reached XP level 14. HP: 94/98 MP: 15/15
 20423 | D:13     | Found Onaulise's Fire Supplies.
 20635 | D:14     | Noticed Josephine
 20637 | D:14     | Reached skill level 10 in Fighting
 20656 | D:14     | Killed Josephine
 20673 | D:14     | Received a gift from Okawaru
 21183 | D:14     | Found a gate to the Vaults.
 21186 | D:14     | Received a gift from Okawaru
 21207 | D:14     | Reached skill level 5 in Stealth
 21833 | D:14     | Received a gift from Okawaru
 21931 | D:15     | Entered Level 15 of the Dungeon
 22069 | D:15     | Found Utuffeaq's Serpentskin Sales.
 22072 | D:15     | Reached skill level 1 in Throwing
 22133 | D:15     | Found a staircase to the Depths.
 22186 | D:15     | Received a gift from Okawaru
 22215 | D:15     | Reached XP level 15. HP: 49/106 MP: 16/16
 23194 | D:9      | Killed Joseph
 23649 | D:4      | Bought a potion of berserk rage for 55 gold pieces
 23649 | D:4      | Bought a potion of lignification for 33 gold pieces
 23649 | D:4      | Bought a potion of heal wounds for 55 gold pieces
 23650 | D:4      | Bought a potion of curing for 33 gold pieces
 24173 | Lair:4   | Found a staircase to the Slime Pits.
 24426 | Lair:5   | Entered Level 5 of the Lair of Beasts
 24585 | Lair:5   | Received a gift from Okawaru
 25338 | Lair:5   | Received a gift from Okawaru
 25933 | Orc:1    | Entered Level 1 of the Orcish Mines
 25947 | Orc:1    | You fall into a shaft and drop 1 floor!
 25947 | Orc:2    | Entered Level 2 of the Orcish Mines
 25948 | Orc:2    | Noticed Erolcha
 25963 | Orc:2    | Killed Erolcha
 26091 | Orc:2    | Received a gift from Okawaru
 26096 | Orc:2    | Reached skill level 15 in Shields
 26097 | Orc:2    | Reached XP level 16. HP: 81/114 MP: 11/18
 26472 | Orc:2    | Found a staircase to the Elven Halls.
 26513 | Orc:2    | Found Akanes's Weapon Shoppe.
 26513 | Orc:2    | Found Hahones's Antique Armour Boutique.
 26514 | Orc:2    | Found Vuif's Armour Boutique.
 26514 | Orc:2    | Found Riwo's Distillery.
 26528 | Orc:2    | Received a gift from Okawaru
 26546 | Orc:2    | Bought a potion of resistance for 180 gold pieces
 27445 | D:1      | Bought a +4 ring of slaying for 780 gold pieces
 27687 | Snake:1  | Entered Level 1 of the Snake Pit
 28570 | Snake:1  | Received a gift from Okawaru
 28829 | Snake:1  | Reached skill level 10 in Dodging
 29042 | Snake:1  | Received a gift from Okawaru
 29065 | Snake:1  | Found a bloodstained altar of Trog.
 29065 | Snake:1  | Noticed tinfoiltophat's ghost (journeyman DjFE)
 29076 | Snake:1  | Found a transporter.
 29095 | Snake:1  | Found a transporter.
 30095 | Snake:2  | Slain by a naga warrior

Illustrated notes

Levels and vault maps discovered:
D:1:      amcnicky_arrival_flooded_fountain, layout_loops_cross, serial_shops,
          nicolae_diamond_shop, chequers_serial_rivers_room_b
D:2:      layout_basic, minmay_puff
D:3:      layout_basic, elyvilon_altar_3, amethyst_killhole,
          chequers_serial_rivers_micro_e, uniq_grinder
D:4:      layout_basic, mainiacjoe_overflow_boulevard, serial_shops,
          kennysheep_little_box, uniq_menkaure, uniq_natasha
D:5:      minmay_razor_zed, layout_basic, tgw_kikubaaqudgha,
          gammafunk_temple_overflow_statue, minmay_door_square,
          nicolae_letterblocks [nicolae_letter_subblock,
          nicolae_letter_subblock, nicolae_letter_subblock,
          nicolae_letter_subblock, nicolae_letter_subblock,
          nicolae_letter_subblock, nicolae_letter_subblock,
          nicolae_letter_subblock, nicolae_letter_subblock,
          nicolae_letter_subblock, nicolae_letter_subblock,
          nicolae_letter_subblock, nicolae_letter_subblock,
          nicolae_letter_subblock, nicolae_letter_subblock,
          nicolae_letter_subblock, nicolae_letter_subblock,
          nicolae_letter_subblock, nicolae_letter_subblock,
          nicolae_letter_subblock, nicolae_letter_subblock,
          nicolae_letter_subblock, nicolae_letter_subblock,
          nicolae_letter_subblock, nicolae_letter_subblock], uniq_prince_ribbit1
D:6:      layout_basic, mainiacjoe_overflow_surrounded_room,
          minmay_temple_entry_stoned_glass, minivault_25,
          nicolae_shop_vocational
D:7:      layout_basic, kennysheep_generic_room_11
D:8:      layout_cave_pods, grunt_temple_overflow_order_and_chaos_2,
          lair_entry_dummy
D:9:      layout_stronghold, orc_0_dummy, minmay_shop_mayhem,
          kennysheep_generic_room_7, uniq_joseph
D:10:     layout_basic, uniq_snorg
D:11:     kb_forest_paths, layout_loops_corners, uniq_harold
D:12:     layout_roguey, nicolae_trove_entry_columns
D:13:     layout_loops_ring, nicolae_shop_fire_sale [nicolae_sub_dead_trees],
          uniq_sonja
D:14:     layout_roguey, david_vaults_2, minmay_diced_spiral, uniq_josephine
D:15:     grunt_enter_depths_magical_seal, layout_basic, serial_park_square2,
          guppyfry_shop_venom
Temple:   nicolae_temple_superstar
Lair:1:   layout_gridlike, nzn_ghost_randoct, beast_lair_carwin_10,
          serial_bayou_shore_b
Lair:2:   layout_loops_ring, minmay_shoals_entry_hut,
          guppyfry_snake_entry_garden
Lair:3:   layout_roguey, ebering_ghost_inner_flame
Lair:4:   layout_loops_ring, slime_entry_1
Lair:5:   minmay_lair_end_frog_pond, layout_long_grid,
          dreamdust_mushroom_princess, st_stairs_13,
          grunt_forest_small_clearings, roderic_batcave,
          grunt_forest_small_clearing_treed
Snake:1:  layout_basic, gammafunk_ghost_wrathful_warriors,
          nicolae_snake_guarding_the_ruins
Snake:2:  layout_misc_corridors, serial_shops, nicolae_shop_window_shopping,
          minmay_snake_pond, uniq_frances
Orc:1:    layout_diamond_mine
Orc:2:    st_orc_ogre_mass, layout_diamond_mine, uniq_erolcha

Skill      XL: |  1  2  3  4  5  6  7  8  9 10 11 12 13 14 15 16 |
---------------+-------------------------------------------------+-----
Axes           | 3 4 6 7 8 10 11 14 16 17 18 | 18.0
Shields        | 4 5 6 9 10 12 15 17 | 17.3
Invocations    | 1 2 4 |  4.2
Fighting       | 4 7 9 11 12 | 12.3
Dodging        | 5 7 8 9 10 | 10.5
Stealth        | 2 7 8 |  8.6
Throwing       | 1 3 |  3.1

Action                     |  1- 3 |  4- 6 |  7- 9 | 10-12 | 13-15 | 16-18 || total
---------------------------+-------+-------+-------+-------+-------+-------++-------
  Melee: War axe           |    61 |    38 |   165 |       |       |       ||   264
         Constrict         |    16 |     7 |    55 |    67 |   120 |    39 ||   304
         Tentacles         |     6 |     6 |    66 |   138 |   259 |    81 ||   556
         Punch             |     1 |       |     8 |     9 |    14 |     6 ||    38
         Hand axe          |       |       |    63 |    89 |       |       ||   152
         Broad axe         |       |       |    10 |   389 |   808 |   282 ||  1489
         Morningstar       |       |       |       |       |    33 |       ||    33
  Throw: Dart              |       |       |    10 |    24 |    18 |       ||    52
         Boomerang         |       |       |       |     2 |       |       ||     2
         Throwing net      |       |       |       |       |     2 |       ||     2
         Javelin           |       |       |       |       |     3 |     3 ||     6
 Invoke: Heroism           |       |       |     1 |     9 |    16 |    10 ||    36
         Finesse           |       |       |       |     1 |     3 |     1 ||     5
         Receive Weapon    |       |       |       |       |     1 |       ||     1
         Receive Armour    |       |       |       |       |     1 |       ||     1
  Evoke: Wand              |       |       |     4 |    18 |     8 |       ||    30
    Use: Potion            |       |     3 |     1 |     9 |     2 |     4 ||    19
         Scroll            |       |       |     3 |     8 |     8 |     1 ||    20
   Stab: Sleeping          |     9 |       |    13 |     9 |    27 |    17 ||    75
         Invisible         |       |     1 |       |    14 |     5 |       ||    20
         Distracted        |       |       |     1 |     1 |     4 |     2 ||     8
 Armour: Skin              |    20 |    14 |    90 |   161 |   274 |    78 ||   637
  Dodge: Dodged            |    41 |    24 |   101 |   190 |   401 |   113 ||   870
  Block: Buckler           |     8 |       |       |       |       |       ||     8
         Tower shield      |       |    25 |   188 |   380 |   973 |   385 ||  1951

Table legend: (Time is in decaauts)
 A = Elapsed time spent in this place.
 B = Non-inter-level travel time spent in this place.
 C = Inter-level travel time spent in this place.
 D = Time resting spent in this place.
 E = Time spent auto-exploring this place.
 F = Levels seen in this place.
 G = Mean time per level.
                   A        B        C        D        E       F      G
               +--------+--------+--------+--------+--------+-----+--------+
         Total |  30458 |  26979 |   3479 |   6044 |  15783 |  25 | 1218.3 |
       Dungeon |  19526 |  16738 |   2788 |   3338 |  10487 |  15 | 1301.7 |
        Temple |     67 |     56 |     11 |      0 |      0 |   1 |   67.0 |
          Lair |   7044 |   6530 |    514 |   1606 |   3550 |   5 | 1408.8 |
     Snake Pit |   2446 |   2366 |     80 |   1030 |    835 |   2 | 1223.0 |
  Orcish Mines |   1372 |   1287 |     85 |     70 |    911 |   2 |  686.0 |
               +--------+--------+--------+--------+--------+-----+--------+

Top non-repeatable levels by time:
    D:11: 2568 daAuts
 Snake:1: 2251 daAuts
     D:9: 1841 daAuts
  Lair:2: 1841 daAuts
  Lair:1: 1589 daAuts
     D:5: 1502 daAuts
  Lair:5: 1409 daAuts
     D:3: 1347 daAuts
     D:8: 1346 daAuts
     D:7: 1338 daAuts
     D:6: 1331 daAuts
    D:12: 1316 daAuts
  Lair:3: 1200 daAuts
    D:13: 1186 daAuts
    D:14: 1172 daAuts
